 Dungeon Crawl Stone Soup version 0.16-a0-4108-g6e49b0d (webtiles) character file.

80 Chiseanne the Skirmisher (level 4, -2/37 HPs)
             Began as a Mummy Monk on Feb 26, 2015.
             Slain by a worm (4 damage)
             ... on level 3 of the Dungeon.
             The game lasted 00:07:53 (3816 turns).

Chiseanne the Skirmisher (Mummy Monk)               Turns: 3816, Time: 00:07:53

Health: -2/37      AC: 10    Str: 15    XL:     4   Next: 18%
Magic:  4/4        EV:  4    Int:  9    God:
Gold:   186        SH:  8    Dex: 14    Spells: 0 memorised, 3 levels left

rFire  x . .     SeeInvis .     h - -3 dagger (curse)
rCold  + . .     Clarity  .     c - +1 chain mail
rNeg   + + +     SustAb   .     a - +0 shield
rPois  ∞         Gourm    .     (no helmet)
rElec  .         Spirit   .     (no cloak)
rCorr  .         Warding  .     (no gloves)
rMut   .         Rnd*Tele +     e - +0 pair of boots
MR     .....                    (no amulet)
Stlth  ..........               (no ring)
                                f - ring of teleportation (curse)

@: not resistant to hostile enchantments, extremely unstealthy
A: no food or potions, fire vulnerability, restore body, cold resistance 1,
negative energy resistance 3, poison resistance, torment resistance, unbreathing
a: Evoke Teleportation


You were on level 3 of the Dungeon.
You were not hungry.

You visited 1 branch of the dungeon, and saw 3 of its levels.

You collected 186 gold pieces.

Inventory:

Hand weapons
 h - a cursed -3 dagger (weapon)
 j - a +0 long sword
Missiles
 b - 100 stones (quivered)
 g - 23 bolts
 i - 25 arrows
 k - 6 javelins
 l - 18 poisoned needles
 m - 27 sling bullets
Armour
 a - a +0 shield (worn)
 c - a +1 chain mail (worn)
 d - a +0 plate armour
 e - a +0 pair of boots (worn)
Jewellery
 f - a cursed ring of teleportation (left hand)


   Skills:
 * Level 3.7 Fighting
 * Level 1.0 Armour
 * Level 3.0 Dodging
 - Level 1.5 Stealth
 * Level 1.2 Shields
 - Level 3.2 Unarmed Combat


You had 3 spell levels left.
You didn't know any spells.

Dungeon Overview and Level Annotations

Branches:
Dungeon (3/15)

Altars:
Ashenzari
Sif Muna


Innate Abilities, Weirdness & Mutations

You do not eat or drink.
Your flesh is vulnerable to fire.
Your flesh is cold resistant.
You are immune to negative energy.
Your system is resistant to poisons.
You are immune to unholy pain and torment.
You can survive without breathing.


Message History

The worm is moderately wounded.
The worm bites you but does no damage.
You hit the worm but do no damage.
The worm is moderately wounded.
The worm bites you but does no damage.
You hit the worm.
The worm is moderately wounded.
You hit the worm but do no damage.
The worm is moderately wounded.
You block the worm's attack.
You hit the worm but do no damage.
The worm is moderately wounded.
The worm bites you!
* * * LOW HITPOINT WARNING * * *
You hit the worm but do no damage.
The worm is moderately wounded.
You hit the worm.
The worm is heavily wounded.
The worm bites you.
You die...

#.# #.#### #.##.##
##.#...########
#.#####.............#
.....[......w...####.#
#####.......## #.#
##w#<..## #.# #@##.##
#.# #.#### #####.#####
#'# #.........# #####
#..##.##..# _## #.##
#..##.##..#
...8##..###..#..##..#
###
....##...##.....##..#
...
....>#...'.......#..#
###
.....##...##.........#


You could see a worm.

Vanquished Creatures
  An adder (D:3)
  2 oozes (D:1)
  4 orcs (D:3)
  A bat zombie (D:3)
  2 giant cockroaches
  11 goblins
  8 hobgoblins
  8 kobolds
  2 ball pythons
  7 bats
  3 giant newts
  3 jackals
  2 quokkas (D:2)
  11 rats
65 creatures vanquished.

Notes
Turn   | Place    | Note
--------------------------------------------------------------
     0 | D:1      | Chiseanne, the Mummy Monk, began the quest for the Orb.
     0 | D:1      | Reached XP level 1. HP: 18/18 MP: 1/1
   182 | D:1      | Reached XP level 2. HP: 9/24 MP: 2/2
   959 | D:1      | Reached XP level 3. HP: 19/29 MP: 3/3
  1595 | D:2      | Found a deep blue altar of Sif Muna.
  2848 | D:3      | Reached skill level 1 in Armour
  2995 | D:3      | Reached skill level 1 in Shields
  3009 | D:3      | Reached XP level 4. HP: 24/37 MP: 4/4
  3626 | D:3      | Found a shattered altar of Ashenzari.
  3816 | D:3      | Slain by a worm

Action                   |  1- 3 |  4- 6 || total
-------------------------+-------+-------++-------
Melee: Unarmed           |   169 |       ||   169
       Dagger            |   438 |   233 ||   671
  Use: Scroll            |     5 |     2 ||     7
